 Dungeon Crawl Stone Soup version 0.18-a0-1347-gb9e2fb4 (webtiles) character file.

288 M4edhros the Insei (level 6, -2/47 HPs)
             Began as a Mummy Monk on Feb 17, 2016.
             Slain by a killer bee (5 damage)
             ... on level 4 of the Dungeon.
             The game lasted 00:08:38 (5505 turns).

M4edhros the Insei (Mummy Monk)                     Turns: 5505, Time: 00:08:38

Health: -2/47      AC:  6    Str: 14    XL:     6   Next: 9%
Magic:  6/6        EV: 13    Int:  9    God:
Gold:   158        SH:  0    Dex: 17    Spells: 0 memorised, 5 levels left

rFire  x . .     SeeInvis .       - Unarmed
rCold  + . .     Gourm    .     (no armour)
rNeg   + + +     Faith    .     (no shield)
rPois  ∞         Spirit   .     n - +1 hat
rElec  .         Dismiss  .     (no cloak)
rCorr  .         Reflect  .     (no gloves)
SustAt .         Harm     .     (no boots)
MR     .....                    (no amulet)
Stlth  ++++......               j - +5 ring of protection
                                g - ring of stealth

@: not resistant to hostile enchantments, stealthy
A: no food or potions, fire vulnerability, cold resistance 1, negative energy
resistance 3, torment resistance, unbreathing
a: no special abilities


You were on level 4 of the Dungeon.
You were not hungry.

You visited 1 branch of the dungeon, and saw 4 of its levels.

You collected 158 gold pieces.

Inventory:

Missiles
 f - 48 arrows (quivered)
Armour
 n - a +1 hat (worn)
Jewellery
 g - a ring of stealth (left hand)
 h - an uncursed ring of ice
 j - a +5 ring of protection (right hand)
Scrolls
 a - a scroll of noise
 d - a scroll of enchant weapon
 i - a scroll of immolation
 l - a scroll of identify {unknown}
Books
 m - a book of the Warp

   Spells                             Type                      Level
   a - Recall                         Summoning/Translocation      3
   b - Gell's Gravitas                Hexes/Translocation          3
   c - Force Lance                    Conjuration/Translocation    4
   d - Warp Weapon                    Charms/Translocation         5
   e - Summon Forest                  Summoning/Translocation      5
Comestibles
 k - 4 bread rations


   Skills:
 - Level 3.0 Fighting
 - Level 2.4 Dodging
 + Level 3.3 Stealth
 * Level 5.4 Unarmed Combat


You had 5 spell levels left.
You didn't know any spells.

Dungeon Overview and Level Annotations

Branches:
Dungeon (4/15)             Temple (0/1) D:4

Altars:
Gozag

Annotations:
D:2 ! sigmund, Sigmund


Innate Abilities, Weirdness & Mutations

You do not eat or drink.
Your flesh is vulnerable to fire.
You are immune to poison.
Your flesh is cold resistant.
You are immune to negative energy.
You are immune to unholy pain and torment.
You can survive without breathing.


Message History

* * * LOW HITPOINT WARNING * * *
The killer bee closely misses you.
Read which item? (? for menu, Esc to quit)
As you read the scroll labeled JOPNIBR VEDU, it crumbles to dust.
You hear a loud clanging noise!
It was a scroll of noise.
You hear a shout! x3
The killer bee barely misses you. The killer bee stings you.
* * * LOW HITPOINT WARNING * * *
Read which item? (? for menu, Esc to quit)
As you read the scroll labeled XAVE VEIFI, it crumbles to dust.
It is a scroll of recharging.
You aren't carrying any rechargeable items.
The killer bee closely misses you. The killer bee completely misses you.
Read which item? (? for menu, Esc to quit)
As you read the scroll labeled XUBBETAWNU, it crumbles to dust.
The creatures around you are filled with an inner flame!
It was a scroll of immolation.
The killer bee closely misses you. The killer bee stings you.
You die...

###....#.......,,,....#**********
.............(#*,,....,,,,,,,,,,,
.y.....#.#....##+#..#*##*********
....(..#>#*,#.......#...,,,,,,,,,
.......#,**,#..........,,,,,,,,,,
.......#,**,#......###..,,,,,,,,,
.......#,**,#...O.......,,<,,,,,,
...#'###,**,####y#######****,,,,,
...#.# *,**,* #@# *,,,,,,,,,
...#.# *,**,* #.# ********##
...#.# *,**,* #.# *,,,,.. ####†#
*,**,* #.#### *,***#. #.#
*,**,####....#######.* #( #.#
*,*#.................* #. #.#
*,*#########.############. #.#
*,,,,..................... #.#
*****#######..............


You could see an ogre (inner flame) and a killer bee (inner flame).

Vanquished Creatures
  A killer bee (D:4)
  A hound (D:4)
  Ijyb (D:2)
  3 worker ants
  A hound skeleton (D:4)
  A gnoll (D:1)
  An ooze (D:2)
  An adder skeleton (D:4)
  5 worms
  2 giant geckos (D:1)
  4 orcs (D:3)
  A ball python (D:3)
  10 bats
  7 giant cockroaches
  4 goblins
  2 hobgoblins (D:2)
  8 jackals
  7 kobolds
  3 quokkas
  6 giant newts
  6 rats
75 creatures vanquished.

Notes
Turn   | Place    | Note
--------------------------------------------------------------
     0 | D:1      | M4edhros the Mummy Monk began the quest for the Orb.
     0 | D:1      | Reached XP level 1. HP: 18/18 MP: 1/1
    48 | D:1      | Reached XP level 2. HP: 13/24 MP: 2/2
   694 | D:2      | Noticed Ijyb
  2090 | D:2      | Noticed Sigmund
  2118 | D:1      | Reached XP level 3. HP: 27/29 MP: 3/3
  2289 | D:2      | Reached skill level 4 in Unarmed Combat
  2605 | D:2      | Killed Ijyb
  2775 | D:2      | found ring of stealth
  2968 | D:3      | Reached XP level 4. HP: 32/35 MP: 4/4
  3009 | D:3      | found +5prot ring
  3059 | D:3      | should play extra safe now
  3357 | D:3      | shit priest...
  4478 | D:2      | Reached XP level 5. HP: 29/41 MP: 5/5
  4627 | D:2      | found hat+1
  4628 | D:2      | 6 armour atm
  4663 | D:2      | i look fancy
  4940 | D:4      | Reached skill level 5 in Unarmed Combat
  4950 | D:4      | Found an opulent altar of Gozag.
  5276 | D:4      | Reached XP level 6. HP: 24/47 MP: 6/6
  5505 | D:4      | Slain by a killer bee

Vault maps used:
D:1:      scummos_arrival_gate
D:2:      uniq_iyjb, uniq_sigmund
D:3:      first_bread
D:4:      kennysheep_mini_moat, minmay_temple_entry_enclosed_plants,
          roderic_serpentine_path

Action                   |  1- 3 |  4- 6 || total
-------------------------+-------+-------++-------
Melee: Unarmed           |    92 |   198 ||   290
  Use: Scroll            |     2 |     6 ||     8
 Stab: Sleeping          |     7 |    10 ||    17
       Distracted        |       |     1 ||     1
